 Dungeon Crawl Stone Soup version 0.22-a0-877-g5c4e1afb51 (console) character file.

31 Lexodia the Skirmisher (level 3, 0/40 HPs)
             Began as an Ogre Berserker on July 29, 2018.
             Was a Follower of Trog.
             Slain by a goblin (1 damage)
             ... on level 2 of the Dungeon.
             The game lasted 00:01:18 (607 turns).

Lexodia the Skirmisher (Ogre Berserker)              Turns: 607, Time: 00:01:18

Health: 0/40       AC:  3    Str: 22    XL:     3   Next: 22%
Magic:  3/3        EV: 10    Int:  8    God:    Trog [*.....]
Gold:   76         SH:  0    Dex:  8    Spells: 2/2 levels left

rFire    . . .     SeeInvis .   a - +0 mace
rCold    . . .     Gourm    .   (no shield)
rNeg     . . .     Faith    .   b - +0 animal skin
rPois    .         Spirit   .   (helmet restricted)
rElec    .         Reflect  .   (no cloak)
rCorr    .         Harm     .   (gloves unavailable)
MR       .....                  (boots unavailable)
Stlth    +.........             (no amulet)
HPRegen  0.13/turn              (no ring)
MPRegen  0.08/turn              (no ring)

@: berserk cooldown, slowed, very slow
A: large, unfitting armour, tough skin 1
a: Berserk, Renounce Religion


You were on level 2 of the Dungeon.
You worshipped Trog.
Trog was aware of your devotion.
You were very hungry.

You visited 1 branch of the dungeon, and saw 2 of its levels.

You collected 76 gold pieces.

Inventory:

Hand Weapons
 a - a +0 mace (weapon)
Armour
 b - a +0 animal skin (worn)
Potions
 e - a potion of berserk rage
 f - a potion of heal wounds {unknown}
 g - a potion of curing {unknown}
 h - a potion of lignification {unknown}
Comestibles
 c - 2 rations
 d - a chunk of flesh


   Skills:
 + Level 4.4 Fighting
 * Level 3.3 Maces & Flails
 + Level 3.0 Dodging


You had 2 spell levels left.
You didn't know any spells.
Your spell library was empty.

Dungeon Overview and Level Annotations

Branches:
Dungeon (2/15)

Altars:


Innate Abilities, Weirdness & Mutations

You are too large for most types of armour.
You have tough skin. (AC +1)


Message History

The goblin hits you.
* * * LOW HITPOINT WARNING * * *
The goblin hits you with a club.
* * * LOW HITPOINT WARNING * * *
The goblin hits you but does no damage.
Found a dagger.
Huge Dmg: -5%(-2hp) hp: 5%(2hp)
Found a stone staircase leading up.
The goblin hits you but does no damage. The goblin barely misses you.
Found a scroll labeled HOZA GYISAN.
The goblin hits you but does no damage.
You hit the goblin.
The goblin is moderately wounded.
The goblin misses you. The goblin hits you.
* * * LOW HITPOINT WARNING * * *
Huge Dmg: -5%(-2hp) hp: 3%(1hp) It was a potion of berserk rage.
You're still recovering from your berserk rage.
The goblin hits you.
You die...

#.# ..... #.# ....
... ... #?# # ...
... #. ###.######
#.# ... .... ...
#.# ....###)###.#
#@#
..#...)...#.####g#
.......(..(...##g##
...#.##.#$#.#K##KK#
. # #....#.#.#...#
##.(.#.#.....#
#<..#.#.....#
#...#.#......#
......#.#.#..#


You could see 2 goblins and 2 kobolds.

Vanquished Creatures
  An adder (D:2)
  2 giant cockroaches (D:2)
  2 hobgoblins (D:1)
  4 jackals (D:1)
  4 kobolds
  A ball python (D:1)
  A bat (D:1)
  3 goblins (D:1)
  3 rats (D:1)
21 creatures vanquished.

Notes
Turn   | Place    | Note
-------+----------+-------------------------------------------
     0 | D:1      | Lexodia the Ogre Berserker began the quest for the Orb.
     0 | D:1      | Reached XP level 1. HP: 24/24 MP: 1/1
    73 | D:1      | Huge Dmg: 10 dmg
   178 | D:1      | Reached XP level 2. HP: 27/32 MP: 2/2
   573 | D:2      | Huge Dmg: 16 dmg
   582 | D:2      | Reached XP level 3. HP: 29/40 MP: 3/3
   593 | D:2      | Huge Dmg: 6 dmg
   597 | D:2      | Huge Dmg: 8 dmg
   600 | D:2      | HP: 2/40 [goblin/club (1)]
   601 | D:2      | Huge Dmg: 2 dmg
   606 | D:2      | HP: 1/40 [goblin (3)]
   607 | D:2      | Huge Dmg: 2 dmg
   607 | D:2      | Slain by a goblin

Vault maps used:
D:1:      lemuel_arrival_funnel
D:2:      lemuel_crystal_altar, nicolae_tso_carved_into_rock, minmay_cut_off,
          uniq_terence

Skill      XL: |  1  2 |
---------------+-------+-----
Maces & Flails | 3 |  3.3
Dodging        | 3 |  3.0
Fighting       | |  4.4

Action                   || total
-------------------------++-------
Melee: Mace              ||    76
Invok: Berserk           ||     2
  Use: Potion            ||     1
Armor: Animal skin       ||    32
Dodge: Dodged            ||    69

Table legend:
 A = Spawn XP
 B = Non-spawn XP
 C = Spawn XP percentage of total XP
 D = Spawn monster count
 E = Non-spawn monster count
 F = Spawn count percentage of total count
 G = Total turns spent on level
                    A         B        C        D         E        F      G
               +---------+---------+-------+---------+---------+-------+---------
         Total |       0 |      45 |   0.0 |       0 |      21 |   0.0 |   607
               +---------+---------+-------+---------+---------+-------+---------
           D:1 |       0 |      24 |   0.0 |       0 |      15 |   0.0 |   560
           D:2 |       0 |      21 |   0.0 |       0 |       6 |   0.0 |    47
               +---------+---------+-------+---------+---------+-------+---------
